AoeStats
← Random

Arena

506549847Analyzed
4v4 RM · 19d ago on Sep 14, 2026· 41m 11s· 8 players
Game mode
Random Map
Map size
Large (8 player)
Population
200
Speed
Normal
Resources
Standard
Victory
Conquest
Starting age
Dark Age
Ending age
Imperial Age
RankedLock teamsTeams togetherTeam positionsShared explorationLock speedFull tech treeHidden civsTurbo modeCheats
Victory
Defeat
🇺🇸 Tatars · United States
1643
+15
🇨🇳 Malay · China
1572
+18
🇲🇽 Chinese · Mexico
1555
+19
🇨🇦 Franks · Canada
1553
+19
🇨🇴 Malians · Colombia
1730
-22
🇨🇴 Jurchens · Colombia
1619
-18
🇨🇴 Mongols · Colombia
1605
-17
🇨🇴 Goths · Colombia
1530
-14
VX | Anubis
0:30 Loom
11:23 Feudal Age
15:11 Castle Age
13:32 Double-Bit Axe
13:29 Horse Collar
15:22 Town Watch
16:08 Bow Saw
21:56 Wheelbarrow
23:00 Gold Mining
25:16 Hand Cart
25:25 Stone Mining
29:02 Imperial Age
28:05 Masonry
28:42 Ballistics
28:18 Fletching
28:58 Bodkin Arrow
30:17 Bracer
31:19 Chemistry
30:50 Architecture
31:11 Squires
31:23 Forging
31:13 Padded Archer Armor
31:50 Conscription
33:18 Thumb Ring
36:52 Elite Chu Ko Nu
39:03 Leather Archer Armor
39:59 Rocketry
41:36 Ring Archer Armor
Persian Assassin
10:39 Feudal Age
14:33 Castle Age
12:27 Double-Bit Axe
22:20 Wheelbarrow
21:31 Loom
22:26 Gold Mining
23:48 Town Watch
25:21 Hand Cart
28:52 Imperial Age
27:03 Scale Barding Armor
27:09 Forging
27:40 Husbandry
28:15 Chain Barding Armor
29:23 Iron Casting
29:18 Cavalier
30:34 Plate Barding Armor
30:06 Chivalry
30:27 Conscription
30:31 Paladin
32:15 Blast Furnace
33:31 Gold Shaft Mining
34:07 Light Cavalry
Random
10:14 Feudal Age
13:49 Castle Age
12:05 Double-Bit Axe
12:23 Horse Collar
15:12 Bow Saw
15:50 Heavy Plow
18:20 Wheelbarrow
24:44 Gold Mining
28:14 Imperial Age
25:31 Town Watch
25:31 Loom
26:13 Fletching
26:44 Ballistics
28:28 Bodkin Arrow
28:34 Padded Archer Armor
28:46 Masonry
29:56 Chemistry
29:33 Gold Shaft Mining
29:49 Conscription
31:26 Bloodlines
31:16 Husbandry
32:09 Bracer
34:16 Leather Archer Armor
33:37 Capped Ram
34:28 Silk Armor
34:00 Heavy Cavalry Archer
34:58 Siege Engineers
34:34 Treadmill Crane
36:42 Siege Ram
37:33 Forging
37:59 Ring Archer Armor
38:00 Timurid Siegecraft
38:56 Fortified Wall
chenst2020
12:31 Feudal Age
16:17 Castle Age
14:26 Double-Bit Axe
15:00 Loom
16:33 Bow Saw
17:30 Wheelbarrow
24:16 Forging
26:32 Hand Cart
27:02 Horse Collar
27:57 Squires
27:43 Arson
28:42 Iron Casting
29:38 Gold Mining
30:19 Scale Barding Armor
36:56 Imperial Age
35:53 Husbandry
36:07 Capped Ram
38:06 Blast Furnace
38:22 Heavy Plow
39:11 Elite Battle Elephant
40:35 Conscription
VLC | Raconteur
10:54 Feudal Age
11:40 Loom
14:24 Castle Age
12:20 Double-Bit Axe
12:20 Horse Collar
15:47 Bow Saw
15:38 Heavy Plow
17:36 Wheelbarrow
19:12 Loom
20:27 Hand Cart
21:57 Stone Mining
24:28 Stone Shaft Mining
27:33 Imperial Age
24:56 Gold Mining
25:10 Fletching
25:49 Ballistics
26:11 Bodkin Arrow
26:35 Padded Archer Armor
27:48 Leather Archer Armor
28:37 Conscription
28:22 Bracer
29:25 Chemistry
28:55 Bloodlines
28:45 Husbandry
29:25 Parthian Tactics
31:11 Thumb Ring
31:11 Elite Mangudai
35:24 Coinage
36:24 Onager
41:26 Drill
VLC | BacTi
8:01 Loom
10:20 Feudal Age
15:11 Castle Age
13:32 Double-Bit Axe
16:47 Bow Saw
16:17 Horse Collar
27:18 Wheelbarrow
26:41 Town Watch
33:27 Imperial Age
VLC | DeaH
10:54 Feudal Age
14:27 Castle Age
12:19 Double-Bit Axe
12:33 Horse Collar
15:08 Wheelbarrow
18:43 Fervor
19:45 Loom
19:39 Man-at-Arms
21:09 Scale Mail Armor
21:40 Bow Saw
22:04 Long Swordsman
23:25 Hand Cart
23:27 Squires
24:03 Forging
31:37 Imperial Age
29:36 Arson
30:20 Heavy Plow
30:14 Gold Mining
32:03 Chain Mail Armor
32:24 Iron Casting
31:43 Stone Mining
32:30 Gold Shaft Mining
31:42 Two-Handed Swordsman
31:50 Capped Ram
33:15 Conscription
33:27 Plate Mail Armor
32:37 Capped Ram
32:47 Champion
34:02 Pikeman
34:42 Fletching
35:15 Ballistics
34:39 Treadmill Crane
35:31 Ballistics
36:13 Chemistry
38:14 Farimba
38:44 Scale Barding Armor
38:38 Bodkin Arrow
38:49 Scale Barding Armor
38:57 Masonry
38:53 Cavalier
39:45 Bloodlines
39:36 Husbandry
40:34 Chain Barding Armor
VLC | _Sr Mike_
10:25 Feudal Age
14:13 Castle Age
12:19 Horse Collar
12:25 Double-Bit Axe
14:04 Gold Mining
15:22 Bow Saw
16:55 Heavy Plow
20:19 Stone Mining
22:51 Wheelbarrow
22:06 Loom
23:16 Town Watch
25:11 Stone Shaft Mining
25:19 Gold Shaft Mining
29:09 Imperial Age
26:54 Scale Barding Armor
27:52 Hand Cart
29:46 Chain Barding Armor
30:27 Bloodlines
31:23 Conscription
31:51 Masonry
32:00 Forging
32:27 Plate Barding Armor
31:32 Elite Iron Pagoda
33:15 Husbandry
34:47 Iron Casting
34:52 Fortified Bastions
37:25 Architecture
39:03 Blast Furnace
Connection lost

Rejoining the realm…

Still unreachable

The connection could not be restored.

Session expired

The server has moved on; the page needs a fresh start.